AoeStats
← papatheocari

Arabia

510406088Analyzed
1v1 RM · 1d ago on Sep 30, 2026· 56m 33s· 2 players
Game mode
Random Map
Map size
Tiny (2 player)
Population
200
Speed
Normal
Resources
Standard
Victory
Conquest
Starting age
Dark Age
Ending age
Imperial Age
RankedLock teamsTeams togetherTeam positionsShared explorationLock speedFull tech treeHidden civsTurbo modeCheats
Victory
Defeat
🇧🇪 Franks · Belgium
1080
+14
🇺🇸 Varangians · United States
1046
-14
Hiddenninja
7:32 Loom
9:47 Feudal Age
12:03 Double-Bit Axe
13:25 Bloodlines
16:54 Forging
23:17 Castle Age
22:33 Scale Barding Armor
24:03 Husbandry
24:45 Iron Casting
24:04 Pikeman
26:10 Chain Barding Armor
27:22 Bow Saw
26:53 Horse Collar
27:22 Squires
31:22 Heavy Plow
32:59 Wheelbarrow
34:50 Gold Mining
34:50 Stone Mining
36:45 Town Watch
38:05 Town Patrol
38:00 Fletching
38:10 Padded Archer Armor
37:34 Vendel Legacy
41:28 Bodkin Arrow
44:55 Imperial Age
43:54 Stone Shaft Mining
46:16 Conscription
47:36 Two-Man Saw
47:50 Cavalier
51:11 Elite Jarl
53:47 Elite Varangian Guard
54:16 Gambesons
papatheocari
2:59 Loom
10:37 Feudal Age
10:57 Man-at-Arms
17:35 Scale Mail Armor
19:26 Double-Bit Axe
22:45 Castle Age
21:25 Forging
23:16 Scale Barding Armor
24:41 Husbandry
29:30 Chain Barding Armor
29:56 Pikeman
31:37 Elite Skirmisher
36:42 Iron Casting
41:12 Imperial Age
38:45 Fletching
39:04 Long Swordsman
39:30 Gambesons
40:15 Chain Mail Armor
40:12 Murder Holes
40:54 Squires
40:42 Arson
42:02 Ballistics
41:13 Cavalier
42:22 Conscription
42:22 Bodkin Arrow
43:33 Plate Barding Armor
43:51 Plate Mail Armor
42:57 Two-Handed Swordsman
45:41 Blast Furnace
44:58 Champion
45:18 Capped Ram
47:58 Halberdier
49:20 Padded Archer Armor
Connection lost

Rejoining the realm…

Still unreachable

The connection could not be restored.

Session expired

The server has moved on; the page needs a fresh start.